 Dungeon Crawl Stone Soup version 0.27.0-1-g7a089689b8 (webtiles) character file.

Game seed: 13106162740836867204

63 Sin92 the Skirmisher (level 3, -2/29 HPs)
             Began as a Demonspawn Fighter on Aug 3, 2021.
             Slain by a gnoll (5 damage)
             ... on level 2 of the Dungeon.
             The game lasted 00:01:28 (1388 turns).

Sin92 the Skirmisher (Demonspawn Fighter)           Turns: 1388, Time: 00:01:28

Health: -2/29      AC:  9    Str: 17    XL:     3   Next: 89%
Magic:  3/3        EV:  4    Int:  9    God:
Gold:   53         SH:  9    Dex: 12    Spells: 2/2 levels left

rFire    . . .     SeeInvis .   a - +0 war axe
rCold    . . .     Faith    .   c - +0 kite shield
rNeg     . . .     Spirit   .   h - +0 chain mail
rPois    .         Reflect  .   (no helmet)
rElec    .         Harm     .   (no cloak)
rCorr    .         Rampage  .   (no gloves)
Will     .....                  (no boots)
Stlth    ..........             (no amulet)
HPRegen  0.09/turn              (no ring)
MPRegen  0.08/turn              (no ring)

@: mighty
A: foul stench 1
a: no special abilities


You were on level 2 of the Dungeon.
You visited 1 branch of the dungeon, and saw 2 of its levels.

You collected 53 gold pieces.

Inventory:

Hand Weapons
 a - a +0 war axe (weapon)
Armour
 b - a +0 scale mail
 c - a +0 kite shield (worn)
 h - a +0 chain mail (worn)
Scrolls
 e - a scroll of fog {unknown}
 f - a scroll of noise {unknown}
 g - a scroll of amnesia {unknown}


   Skills:
 + Level 3.3 Fighting
 * Level 2.6 Axes
 + Level 3.0 Armour
 + Level 1.1 Dodging
 + Level 3.0 Shields


You had 2 spell levels left.
You didn't know any spells.
Your spell library was empty.

Dungeon Overview and Level Annotations

Branches:
Dungeon (2/15)

Altars:

Annotations:
D:2 Jessica


Innate Abilities, Weirdness & Mutations

You may rarely emit foul miasma when damaged in melee.


Message History

You barely miss Jessica. You slash the gnoll! Jessica hits you with a +0 club.
The gnoll hits you with a +0 club.
Jessica mumbles some strange words.
Jessica seems to speed up.
The gnoll barely misses you.
Unknown command.
There are monsters nearby!
You are too injured to fight recklessly!
Unknown command.
There are monsters nearby!
You are too injured to fight recklessly!
There are monsters nearby!
Unknown command.
You are too injured to fight recklessly!
Unknown command.
There are monsters nearby!
You are too injured to fight recklessly!
You feel very mighty all of a sudden.
Jessica gestures wildly.
You block the gnoll's attack. x2
Things that are here:
a +0 whip; a gnoll corpse You hit the gnoll.
The gnoll is severely wounded.
You hit the gnoll. You block the gnoll's attack.
The gnoll hits you but does no damage.
You barely miss the gnoll.
The gnoll is severely wounded.
You slash the gnoll!
You kill the gnoll!
The gnoll hits you with a +0 club.
* * * LOW HITPOINT WARNING * * *
Jessica mumbles some strange words.
Jessica blinks!
The gnoll hits you with a +0 club.
* * * LOW HITPOINT WARNING * * *
You emit a cloud of foul miasma!
You hit the gnoll.
The gnoll is almost dead.
The gnoll is engulfed in dark miasma.
The gnoll is poisoned.
The gnoll hits you with a +0 club.
You die...

#.########.#
########.#
.........#
########.#######
##...........#
#.............
#..###.#####.#
#. #.# .. #@#
.....wgg#
....#.#@# .#
..#..# ..# #.#
#.# ##. #.. # ..


You could see a worm, 2 gnolls and Jessica (fast).

Vanquished Creatures
  3 gnolls
  5 ball pythons (D:1)
  An endoplasm (D:1)
  5 giant cockroaches (D:1)
  3 goblins (D:1)
  4 hobgoblins (D:1)
  4 jackals (D:1)
  A quokka (D:1)
  A kobold (D:1)
  3 rats (D:1)
30 creatures vanquished.

Notes
Turn   | Place    | Note
-------+----------+-------------------------------------------
     0 | D:1      | Sin92 the Demonspawn Fighter began the quest for the Orb.
     0 | D:1      | Reached XP level 1. HP: 18/18 MP: 1/1
   391 | D:1      | Gained mutation: You may rarely emit foul miasma when
                  | damaged in melee. [demonic ancestry]
   391 | D:1      | Reached XP level 2. HP: 24/24 MP: 2/2
   569 | D:1      | Reached XP level 3. HP: 18/29 MP: 3/3
  1036 | D:1      | Reached skill level 1 in Dodging
  1376 | D:2      | Noticed Jessica
  1388 | D:2      | Slain by a gnoll

Illustrated notes

Levels and vault maps discovered:
D:1:      shiori_arrival_oz, layout_basic, minmay_misc_feat_nine_boxes,
          minmay_pentomino_z2
D:2:      layout_loops_ring, serial_shops, nicolae_shop_behind_doors,
          hangedman_decor_peaks_small, chequers_serial_rivers_micro_a,
          minmay_split_cup_small, uniq_jessica, uniq_terence

Skill      XL: |  1  2  3 |
---------------+----------+-----
Axes           | 2 |  2.6
Armour         | 3 |  3.0
Dodging        | 1 |  1.1
Shields        | 3 |  3.0
Fighting       | |  3.3

Action                   || total
-------------------------++-------
Melee: War axe           ||    85
  Use: Potion            ||     1
Armor: Scale mail        ||    35
       Chain mail        ||     1
Dodge: Dodged            ||    29
Block: Kite shield       ||    47
